 Dungeon Crawl Stone Soup version 0.26-a0-1139-g7d2dc893a1 (webtiles) character file.

Game seed: 5837827485013806024

231 Dracia the Ducker (level 5, -9/42 HPs)
             Began as a Demonspawn Gladiator on Dec 21, 2020.
             Killed by divine providence
             ... invoked by an orc priest
              (11 damage)
             ... on level 2 of the Dungeon.
             The game lasted 00:02:39 (1899 turns).

Dracia the Ducker (Demonspawn Gladiator)            Turns: 1899, Time: 00:02:40

Health: -9/42      AC: 11    Str: 14    XL:     5   Next: 73%
Magic:  5/5        EV:  9    Int: 10    God:
Gold:   141        SH:  0    Dex: 15    Spells: 4/4 levels left

rFire    . . .     SeeInvis .   a - +0 quarterstaff
rCold    . . .     Faith    .   (shield currently unavailable)
rNeg     . . .     Spirit   .   k - +0 chain mail
rPois    .         Reflect  .   c - +0 helmet
rElec    .         Harm     .   o - +0 cloak
rCorr    .         Rampage  .   (no gloves)
Will     .....                  (no boots)
Stlth    ..........             (no amulet)
HPRegen  0.14/turn              (no ring)
MPRegen  0.09/turn              (no ring)

@: confused
A: sturdy frame 1
a: no special abilities


You were on level 2 of the Dungeon.
You visited 1 branch of the dungeon, and saw 2 of its levels.

You collected 141 gold pieces.


Innate Abilities, Weirdness & Mutations

Your movements are slightly less encumbered by armour. (ER -2)


   Skills:
 + Level 3.8 Fighting
 - Level 2.7 Staves
 - Level 1.7 Throwing
 + Level 2.7 Armour
 + Level 4.0 Dodging


You had 4 spell levels left.
You didn't know any spells.
Your spell library was empty.

Inventory:

Hand Weapons
 a - a +0 quarterstaff (weapon)
 p - a +1 scythe of flaming
Missiles
 d - 2 throwing nets (quivered) {=f=f}
Armour
 b - a +0 leather armour
 c - a +0 helmet (worn)
 k - a +0 chain mail (worn)
 o - a +0 cloak (worn)
Scrolls
 f - a scroll of immolation {unknown}
 g - 2 scrolls of identify {unknown}
 j - 5 scrolls of remove curse {unknown}
 n - a scroll of magic mapping {unknown}
Potions
 e - a potion of degeneration {unknown}
 h - 2 potions of heal wounds {@q2@q2}
 i - a potion of berserk rage {unknown}
 l - a potion of cancellation {unknown}
 m - a potion of ambrosia

Dungeon Overview and Level Annotations

Branches:
Dungeon (2/15)

Altars:

#§......# #.#..# #.#
#≈.÷).§§####.#..###.####
#§§...§≈...............#
##§....§≈######..##..##.#
###≈≈.....§## #..##..##.#
≈≈≈≈........#####..##..##.#
.....[.................##)#
......≈≈......o....##.###.#
......§..÷.....{@..##.# #.#
........#############.# #.#
≈.§...))# ##.# #.#
≈§....#.# #. #.# #######.#
#. #.# #.# #. #.# #.# #.
#.# ##.## #.####<#
#...####### #..†...#


You could see an orc priest.


Message History

The orc priest casts a cantrip, but nothing happens.
Something hits you but does no damage.
The orc priest looks braver for a moment.
You miss something. Something hits you but does no damage.
The orc priest hits you but does no damage.
You hit something. Something hits you but does no damage.
The orc priest hits you from afar with a +0 trident.
You miss something.
You hear some strange, mumbled words.
You are confused.
The orc priest mumbles some strange prayers to Beogh against you.
Beogh smites you!
* * * LOW HITPOINT WARNING * * *
Something hits you but does no damage.
The orc priest hits you from afar with a +0 trident.
* * * LOW HITPOINT WARNING * * *
Something hits you.
* * * LOW HITPOINT WARNING * * *
In your confused state, you trip and fall back down the stairs.
* * * LOW HITPOINT WARNING * * *
The orc priest closely misses you. Something hits you but does no damage.
The orc priest hits you from afar with a +0 trident.
* * * LOW HITPOINT WARNING * * *
Something hits you.
* * * LOW HITPOINT WARNING * * *
In your confused state, you trip and fall back down the stairs.
* * * LOW HITPOINT WARNING * * *
The orc priest mumbles some strange prayers to Beogh against you.
Beogh smites you!
You die...

Skill      XL: |  1  2  3  4 |
---------------+-------------+-----
Dodging        | 3 4 |  4.0
Armour         | 1 2 |  2.7
Fighting       | 3 |  3.8
Staves         | |  2.7
Throwing       | |  1.7

Action                   |  1- 3 |  4- 6 || total
-------------------------+-------+-------++-------
Melee: Quarterstaff      |    91 |    57 ||   148
Throw: Throwing net      |       |     1 ||     1
  Use: Potion            |       |     2 ||     2
 Stab: Sleeping          |     2 |       ||     2
       Held in net/web   |       |     2 ||     2
Armor: Leather armour    |    18 |       ||    18
       Chain mail        |    12 |    28 ||    40
Dodge: Dodged            |    57 |    28 ||    85

Levels and vault maps discovered:
D:1:      matt_arrival_grand_opening, layout_loops_corners
D:2:      layout_loops_ring, nicolae_overflow_hidden_temple,
          kennysheep_decorative_pillar, uniq_sigmund, uniq_robin

Notes
Turn   | Place    | Note
-------+----------+-------------------------------------------
     0 | D:1      | Dracia the Demonspawn Gladiator began the quest for the
                  | Orb.
     0 | D:1      | Reached XP level 1. HP: 16/16 MP: 1/1
   115 | D:1      | Gained mutation: Your movements are slightly less
                  | encumbered by armour. (ER -2) [demonic ancestry]
   115 | D:1      | Reached XP level 2. HP: 21/22 MP: 2/2
   212 | D:1      | Reached skill level 3 in Dodging
   214 | D:1      | Reached skill level 1 in Armour
   506 | D:1      | Reached XP level 3. HP: 25/28 MP: 3/3
  1223 | D:2      | Reached skill level 3 in Fighting
  1223 | D:2      | Reached XP level 4. HP: 23/35 MP: 4/4
  1484 | D:2      | Noticed Sigmund
  1740 | D:1      | HP: 1/35 [Sigmund/+1 scythe of flaming (5)]
  1756 | D:1      | Killed Sigmund
  1757 | D:1      | Reached skill level 2 in Armour
  1757 | D:1      | Reached skill level 4 in Dodging
  1757 | D:1      | Reached XP level 5. HP: 24/42 MP: 5/5
  1898 | D:2      | HP: 3/42 [something (2)]
  1899 | D:2      | Killed from afar by an orc priest

Vanquished Creatures
  Sigmund (D:1)
  4 gnolls (D:2)
  2 dart slugs (D:1)
  2 orcs (D:1)
  2 ball pythons (D:1)
  3 bats (D:1)
  A giant cockroach (D:2)
  7 goblins
  5 hobgoblins
  A quokka (D:2)
  4 frilled lizards
  6 kobolds
  6 rats
44 creatures vanquished.

Table legend: (Time is in decaauts)
 A = Elapsed time spent in this place.
 B = Non-inter-level travel time spent in this place.
 C = Inter-level travel time spent in this place.
 D = Time resting spent in this place.
 E = Time spent auto-exploring this place.
 F = Levels seen in this place.
 G = Mean time per level.
                   A        B        C        D        E       F      G
               +--------+--------+--------+--------+--------+-----+--------+
         Total |   1925 |   1844 |     81 |    499 |    955 |   2 |  962.5 |
       Dungeon |   1925 |   1844 |     81 |    499 |    955 |   2 |  962.5 |
               +--------+--------+--------+--------+--------+-----+--------+

Top non-repeatable levels by time:
     D:1: 1407 daAuts
     D:2: 518 daAuts

Table legend:
 A = Non-vault XP
 B = Vault XP
 C = Vault XP percentage of total XP
 D = Non-vault monster count
 E = Vault monster count
 F = Vault count percentage of total count
                 A         B        C        D         E       F
            +---------+---------+-------+---------+---------+-------
      Total |     126 |     205 |  61.9 |      43 |       1 |   2.3
            +---------+---------+-------+---------+---------+-------
        D:1 |      56 |     205 |  78.5 |      30 |       1 |   3.2
        D:2 |      70 |       0 |   0.0 |      13 |       0 |   0.0
            +---------+---------+-------+---------+---------+-------
